woodfighter, chaotic female elven Priestess -------------- |}}};}};;....+ |}(}.;}}}}...| |!}..;e}}}$}.| |.}}.<.}..}..| -+----%----+-- @ #o woodfighter the Acolyte Experience level: 5 Strength: 25 Dexterity: 10 Constitution: 12 Intelligence: 21 Wisdom: 12 Charisma: 11 Health: 0(38) Energy: 50(50) Def: 7 Gold: 0 Moves: 2183 Dungeon seed: VvbUZiZjq2EC9qgM Game ID: woodfighter_1534228530 Your Inventory: Weapons a - a blessed +1 mace (weapon in hand) Armor e - a +0 robe (being worn) n - a +0 small shield (being worn) q - a +0 pair of gauntlets of power (being worn) r - a +0 pair of water walking boots (being worn) y - a blessed +1 orcish helm (being worn) N - a +0 dwarvish cloak P - a +0 pair of leather gloves Comestibles d - 4 sprigs of wolfsbane z - a food ration D - a magic bean Wands f - a wand of cancellation (0:1) F - a wand of digging (0:3) G - a wand of enlightenment (0:12) L - a cursed wand of slow monster (0:5) O - a wand of light (0:14) Tools j - a tooled horn s - a sack R - a cursed oil lamp (0:1137) W - a towel Gems S - a cursed aquamarine T - a touchstone V - 3 cursed amethysts Contents of the sack: 3432 gold pieces a cursed [+0] Hawaiian shirt 8 food rations a scroll of destroy armor a cursed scroll of destroy armor a scroll of enchant armor a scroll of genocide a scroll of gold detection 2 scrolls of identify 5 scrolls of scare monster 2 scrolls of stinking cloud a scroll of teleportation a spellbook of clairvoyance a spellbook of detect food a cursed spellbook of detect monsters a spellbook of healing a cursed spellbook of healing a spellbook of light a spellbook of protection a potion of blindness a potion of hallucination 2 cursed potions of hallucination 4 potions of holy water a blessed potion of object detection a potion of oil a cursed potion of oil 2 potions of water a cursed ring of poison resistance a cursed ring of polymorph a cursed [+1] ring of protection a cursed [-1] ring of stealth a cursed luckstone Spells and supernatural/magical abilities: Name Level Category Fail Memory h - healing 1 healing 0% 90% l - light 1 divination 0% 90% v - clairvoyance 3 divination 76% 90% W - pray for help -- divine ? -- X - turn undead -- divine ? -- Your skills at the end: Miscellaneous Skills shield [Basic] wands [Basic] Weapon Skills mace [Basic] Spellcasting Skills clerical spells [Basic] Final Attributes: You were piously aligned. You were sleep resistant. Your writing hand was a little cramped from use. You had infravision. You were somewhat stealthy. You could walk on water. You are dead. Vanquished creatures: a ghost a wood nymph a rock piercer a black naga hatchling a golden naga hatchling a giant ant a kitten a dwarf 3 iguanas 2 hill orcs a rothe a jitterbug 3 dwarf zombies an acid blob a yellow mold 3 gnomes 5 manes a gnome zombie 3 jackals 2 foxes 9 newts 3 goblins 2 sewer rats 5 grid bugs 2 bats a kobold zombie 56 creatures vanquished. Voluntary challenges: You did not adorn yourself with jewelry or accessories. You did not cause conflict. You were not invisible. You did not have reflection. You were not displaced. You were an atheist. You used a wielded weapon 55 times, starting on turn 31. You did not apply a unicorn horn. You did not use plumbed fixtures. You did not drink any magical draughts. You read items or engraved 3 times, starting on turn 1182. You never genocided any monsters. You never polymorphed an object. You never changed form. You used no wishes. You never split a pudding. You wrote Elbereth's name 1 time, starting on turn 2173. You never violated your personal moral code. Dungeon overview: The Dungeons of Doom: levels 1 to 6 Level 1 (box) a long staircase Level 2 (box) a general store Level 3 a fountain Level 4 stairs to The Gnomish Mines Level 5 many fountains Level 6 <- You were here The Gnomish Mines: Level 5 stairs to The Dungeons of Doom History has recorded: On T:1 you entered the Dungeons of Doom to retrieve the Amulet of Yendor! On T:74 you reached level 2 of The Dungeons of Doom. On T:818 you advanced to experience level 2. On T:846 you reached level 3 of The Dungeons of Doom. On T:1013 you advanced to experience level 3. On T:1042 you reached level 4 of The Dungeons of Doom. On T:1226 you reached level 1 of The Gnomish Mines. On T:1328 you reached level 5 of The Dungeons of Doom. On T:1367 you advanced to experience level 4. On T:1742 you advanced to experience level 5. On T:1896 you reached level 6 of The Dungeons of Doom. Score breakdown: Gold: 3432 ( 343 points) Experience: 5 levels ( 400 points) Exploration: 6 levels ( 150 points) Discoveries: 35 items ( 1750 points) Variety of kills: 26 monsters ( 1300 points) Major goal: (nothing yet) ( 0 points) Survival: died (score multiplied by 3) Total score: 11829 Latest messages: Kitty bites the wood nymph. There is a staircase down here. You see here a sack. You have a little trouble lifting s - a sack. Your movements are slowed slightly because of your load. You fall down the stairs. Elf is about to die. Something is engraved here on the floor. You read: "Elbereth". Kitty bites the wood nymph. The wood nymph pretends to be friendly to kitty. (2x) The wood nymph smiles at kitty seductively. (2x) The hill orc turns to flee! The piranha turns to flee! Kitty bites the wood nymph. The wood nymph is killed! The piranha turns to flee! Kitty eats a wood nymph corpse. You kill the hill orc! The hill orc turns to flee! The hill orc picks up a curved sword. The floating eye turns to flee! You kill the hill orc! There is a broken door here. There are a few objects here. The hill orc punches you! You die... Final status: Goodbye woodfighter the Priestess, killed by a hill orc... You died in The Dungeons of Doom on dungeon level 6 with 11829 points, and 3432 pieces of gold, after 2183 moves. You were level 5 with a maximum of 38 hit points when you died.